 Dungeon Crawl Stone Soup version 0.14-a0-1721-g84c87b2 (webtiles) character file.

534 Mitsuki the Insei (level 6, -11/38 HPs)
             Began as an Octopode Transmuter on Jan 2, 2014.
             Mangled by a gnoll
             ... wielding a +0,+0 flail
              (13 damage)
             ... on Level 4 of the Dungeon.
             The game lasted 00:20:41 (3295 turns).

Mitsuki the Insei (Octopode Transmuter)             Turns: 3295, Time: 00:20:42

HP -11/38        AC  2     Str 10      XL: 6   Next: 62%
MP  13/13        EV 12     Int 16      God:
Gold 181         SH  0     Dex 13      Spells:  2 memorised,  8 levels left

rFire  x . .     SeeInvis .       - Unarmed
rCold  + . .     Clarity  .     (no shield)
rNeg   . . .     Conserve .     q - +1 wizard hat
rPois  +         rCorr    .     (no amulet)
rElec  .         rRot     .     k - ring of ice
SustAb . .       Spirit   .     (no ring)
rMut   .         Warding  .     (no ring)
Saprov . . .     RndTele  +     (no ring)
                                (no ring)
                                (no ring)
                                (no ring)
                                (no ring)

@: slightly resistant to hostile enchantments, quite stealthy
A: almost no armour, amphibious, 8 rings, constrict 8, camouflage 1, carnivore
1, poison resistance, teleportitis 1, gelatinous body 1
a: no special abilities


You were on level 4 of the Dungeon.
You were not hungry.

You visited 1 branch of the dungeon, and saw 4 of its levels.

You collected 181 gold pieces.

Inventory:

Missiles
 b - 12 arrows
Armour
 q - a +1 wizard hat (worn)
Comestibles
 a - 2 bread rations
Scrolls
 c - 5 scrolls of remove curse {unknown}
 e - 2 scrolls of identify {unknown}
 f - a scroll of random uselessness {unknown}
 g - a scroll of amnesia {unknown}
 i - 2 scrolls of recharging {unknown}
 m - a scroll of enchant armour {unknown}
 n - a scroll of noise {unknown}
 p - a scroll of fog
Jewellery
 k - a ring of ice (left tentacle)
Potions
 h - 2 potions of restore abilities
 j - a potion of lignification
Books
 d - a book of Changes

   Spells                             Type                      Level
   *Beastly Appendage                 Transmutation                1
   Sticks to Snakes                   Transmutation                2
   *Spider Form                       Transmutation/Poison         3
   Ice Form                           Ice/Transmutation            4
   Blade Hands                        Transmutation                5


   Skills:
 - Level 1.0 Fighting
 - Level 2.0 Dodging
 + Level 2.8 Stealth
 + Level 4.6 Unarmed Combat
 - Level 3.6 Spellcasting
 + Level 3.5 Transmutations
 - Level 2.2 Poison Magic


You had 8 spell levels left.
You knew the following spells:

 Your Spells              Type           Power        Failure   Level  Hunger
a - Beastly Appendage     Trmt           ##....       6%          1    None
b - Spider Form           Trmt/Pois      ##........   17%         3    ###....


Dungeon Overview and Level Annotations

Branches:
Dungeon (4/16)
 Temple: D:4-7

Altars:

Annotations:
D:2 Sigmund
D:4 Prince Ribbit


Innate Abilities, Weirdness & Mutations

You cannot wear most types of armour.
You are amphibious.
You can wear up to eight rings at the same time.*
You can use your tentacles to constrict many enemies at once.*
Your skin changes colour to match your surroundings (Stlth).*
Your rubbery body absorbs attacks (AC +1).*
Your digestive system is specialised to digest meat.
Your system is resistant to poisons.*
Space occasionally distorts in your vicinity.


Message History

You are too injured to fight recklessly!
You are too injured to fight recklessly!
You hit the gnoll.
You kill the gnoll!
The gnoll closely misses you.
You hit the gnoll. Your grab misses the gnoll. Your squeeze misses the gnoll.
The gnoll is lightly wounded.
The gnoll closely misses you.
You hit the gnoll. You grab the gnoll.
The gnoll is lightly wounded.
You constrict the gnoll, but do no damage.
The gnoll closely misses you. The gnoll hits you with a flail!
* * * LOW HITPOINT WARNING * * *
You hit the gnoll but do no damage. You squeeze the gnoll.
The gnoll is moderately wounded.
You constrict the gnoll. The gnoll closely misses you.
You hit the gnoll but do no damage.
The gnoll is moderately wounded.
You constrict the gnoll. The gnoll hits you with a flail!
You die...

#..#
##.......#.###..# #
#... ......#.#.##.#
#.#... #..#
####...#.##.###.##.#
...# ##....##.....#
# #.# #..#.##.######
##.#.##...K.o# #
#.#.#######.#.##
#....###.K.....#
#..#@##....a)..#
#...#.g.........# ##
#.#####g........# .#
#. #...........# .#
## #.##........# .#
... ##.......# .#
### ........ (#
#....## .# #....#


You could see 2 gnolls.

Vanquished Creatures
  An ogre (D:3)
  A giant frog skeleton (D:4)
  An orc wizard (D:3)
  2 worker ants (D:4)
  An ogre skeleton (D:4)
  Terence (D:3)
  2 gnolls (D:4)
  4 adders
  2 giant geckos
  2 oozes (D:2)
  8 orcs
  9 bats
  5 giant cockroaches
  5 hobgoblins
  3 jackals
  5 kobolds
  2 quokkas
  4 giant newts
  9 goblins
  7 rats
74 creatures vanquished.

Notes
Turn   | Place    | Note
--------------------------------------------------------------
     0 | D:1      | Mitsuki, the Octopode Transmuter, began the quest for the Orb.
     0 | D:1      | Reached XP level 1. HP: 13/13 MP: 3/3
   494 | D:1      | Reached XP level 2. HP: 16/18 MP: 2/4
  1069 | D:2      | Reached XP level 3. HP: 20/23 MP: 4/6
  1074 | D:2      | Learned a level 3 spell: Spider Form
  1143 | D:2      | Noticed Sigmund
  1478 | D:3      | Reached skill level 1 in Stealth
  1478 | D:3      | Reached XP level 4. HP: 20/28 MP: 3/9
  1527 | D:2      | Gained mutation: Space occasionally distorts in your vicinity. [potion of mutation]
  1527 | D:2      | Gained mutation: Your digestive system is specialised to digest meat. [potion of mutation]
  1527 | D:2      | Gained mutation: Your system is resistant to poisons. [potion of mutation]
  2169 | D:3      | Noticed Terence
  2179 | D:3      | Killed Terence
  2484 | D:3      | Reached XP level 5. HP: 33/33 MP: 8/11
  2761 | D:4      | Noticed Prince Ribbit
  2836 | D:4      | Noticed an ogre
  2885 | D:4      | Reached skill level 4 in Unarmed Combat
  2885 | D:4      | Reached skill level 1 in Poison Magic
  2939 | D:3      | Killed an ogre
  2939 | D:3      | Reached XP level 6. HP: 12/38 MP: 4/13
  3295 | D:4      | Mangled by a gnoll

Action                   |  1- 3 |  4- 6 || total
-------------------------+-------+-------++-------
Melee: Unarmed           |    67 |   140 ||   207
 Cast: Beastly Appendage |    14 |       ||    14
       Spider Form       |     4 |    11 ||    15
  Use: Potion            |       |     6 ||     6
       Scroll            |       |     2 ||     2
 Stab: Sleeping          |     2 |     3 ||     5
